Map: Ephemeron LE

Players

Hupsaiya

  • Race: Protoss Protoss
  • League: Grandmaster
  • Spawn Location: 11:00

Nathanias - Winner!

  • Race: Terran Terran
  • League: Grandmaster
  • Spawn Location: 5:00

VOD

Have the link to the VOD?

Description

Time

  • Played on: Oct. 15, 2019, 6:31 p.m.
  • Length: 10:07
Show
View Real Time Build Order
Export as new Build Order

Hupsaiya Protoss 

Build Orders: 1 Gate Expand, Double Forge, Phoenix Opening, Blink Stalkers 

Get SALT Encoding   

  12  0:00  Probe  
  13  0:12  Probe  
  14  0:18  Pylon  
  14  0:25  Probe  
  15  0:37  Probe (Chrono Boost)  
  15  0:38  Gateway  
  16  0:45  Assimilator  
  16  0:49  Probe (Chrono Boost)  
  17  0:53  Probe (Chrono Boost)  
  18  1:08  Probe  
  19  1:22  Probe  
  19  1:25  Cybernetics Core  
  20  1:34  Probe  
  20  1:38  Nexus  
  21  1:46  Pylon  
  21  1:48  Probe  
  22  1:57  Assimilator  
  22  2:03  Stalker (Chrono Boost)  
  22  2:04  Probe  
  24  2:08  Warp Gate  
  24  2:16  Probe  
  25  2:28  Probe (Chrono Boost)  
  25  2:29  Sentry  
  28  2:39  Probe (Chrono Boost)  
  29  2:44  Probe (Chrono Boost)  
  31  2:51  Probe (Chrono Boost)  
  31  2:54  Probe (Chrono Boost), Twilight Council  
  32  2:58  Stalker  
  36  3:06  Probe (Chrono Boost)  
  36  3:08  Probe (Chrono Boost)  
  36  3:10  Phoenix  
  36  3:12  Probe (Chrono Boost)  
  36  3:15  Probe (Chrono Boost)  
  38  3:22  Gateway x2  
  38  3:28  Probe  
  38  3:33  Blink (Chrono Boost)  
  39  3:39  Probe (Chrono Boost)  
  39  3:40  Stalker  
  42  3:42  Probe (Chrono Boost)  
  43  3:54  Probe (Chrono Boost)  
  45  3:57  Probe (Chrono Boost)  
  45  3:59  Nexus  
  45  4:00  Probe (Chrono Boost)  
  46  4:13  Pylon  
  46  4:18  Pylon  
  46  4:23  Robotics Facility  
  46  4:24  Pylon  
  46  4:31  Probe x2  
  48  4:33  Stalker x3  
  54  4:43  Probe x2  
  56  4:52  Forge  
  56  4:54  Forge  
  56  4:55  Probe  
  56  4:57  Stalker x3  
  63  5:13  Probe x3 (Chrono Boost)  
  58  5:25  Probe x2 (Chrono Boost)  
  61  5:31  Protoss Ground Weapons Level 1 (Chrono Boost), Probe (Chrono Boost)  
  61  5:34  Probe x2 (Chrono Boost)  
  63  5:38  Probe (Chrono Boost)  
  63  5:39  Probe x2, Warp Prism  
  63  5:41  Protoss Ground Armor Level 1 (Chrono Boost)  
  68  5:49  Probe  
  69  5:51  Probe x2  
  69  6:01  Charge (Chrono Boost)  
  69  6:03  Probe  
  70  6:07  Gateway  
  70  6:09  Gateway  
  70  6:10  Probe  
  71  6:11  Gateway  
  71  6:15  Gateway  
  71  6:17  Stalker  
  71  6:18  Gateway, Stalker  
  63  6:29  Probe x2  
  64  6:33  Observer (Chrono Boost), Shield Battery  
  64  6:34  Pylon  
  64  6:39  Stalker  
  67  6:44  Probe  
  67  6:50  Stalker  
  67  6:53  Probe  
  66  6:54  Probe  
  67  7:03  Probe  
  67  7:05  Probe  
  69  7:15  Probe (Chrono Boost)  
  69  7:17  Probe (Chrono Boost)  
  69  7:18  Probe (Chrono Boost)  
  69  7:22  Zealot x4  
  73  7:23  Zealot x4  
  73  7:25  Observer (Chrono Boost)  
  73  7:27  Probe (Chrono Boost)  
  73  7:28  Probe (Chrono Boost)  
  73  7:29  Pylon  
  90  7:31  Probe (Chrono Boost)  
  90  7:34  Assimilator  
  90  7:36  Assimilator  
  91  7:39  Observer (Chrono Boost)  
  92  7:44  Probe  
  92  7:47  Probe  
  92  7:49  Pylon  
  94  7:53  Zealot x3  
  94  7:57  Pylon  
  100  8:10  Zealot x4  
  108  8:19  Pylon  
  108  8:28  Zealot x3  
  108  8:29  Zealot  
  108  8:33  Pylon  
  116  8:35  Pylon  
  116  8:38  Zealot x4  
  124  8:43  Photon Cannon  
  124  8:47  Probe  
  125  8:52  Zealot x2  
  125  8:53  Zealot  
  131  8:56  Stalker  
  131  8:59  Pylon  
  127  9:03  Probe x2  
  127  9:05  Stalker x3  
  127  9:06  Probe  
  134  9:12  Zealot  
  134  9:13  Zealot x2  
  134  9:14  Observer  
  134  9:16  Nexus  
  64  10:00  Stalker x5  
Show
View Real Time Build Order
Export as new Build Order

Nathanias Terran - Winner!

Build Orders: Reaper Expand, Mech 

Get SALT Encoding   

  12  0:01  SCV  
  13  0:13  SCV  
  14  0:18  Supply Depot  
  14  0:25  SCV  
  15  0:39  SCV  
  15  0:40  Barracks  
  16  0:45  Refinery  
  16  0:51  SCV  
  17  1:03  SCV  
  18  1:15  SCV  
  19  1:28  Orbital Command, Reaper  
  20  1:46  Command Center  
  20  1:57  SCV  
  20  1:58  Refinery  
  20  2:00  Marine  
  22  2:11  Factory  
  22  2:13  SCV  
  23  2:19  Supply Depot  
  23  2:31  Bunker  
  23  2:32  Barracks Reactor  
  23  2:41  SCV  
  24  2:53  SCV  
  24  2:57  Starport  
  25  3:00  Orbital Command  
  25  3:05  SCV  
  26  3:06  Widow Mine  
  26  3:12  Marine x2  
  30  3:17  SCV  
  31  3:25  SCV  
  32  3:29  SCV  
  32  3:31  Marine x2  
  32  3:33  Widow Mine  
  36  3:37  SCV  
  36  3:38  Medivac  
  39  3:41  SCV  
  39  3:46  Supply Depot  
  40  3:48  Marine x2  
  40  3:49  SCV  
  40  3:54  Widow Mine  
  40  3:55  SCV  
  46  4:07  Supply Depot  
  46  4:08  SCV x2, Marine x2  
  50  4:17  Factory Tech Lab, Starport Tech Lab  
  50  4:29  Marine x2  
  53  4:31  SCV x2  
  53  4:35  Refinery  
  53  4:37  Refinery  
  53  4:38  Command Center, Siege Tank  
  57  4:41  Banshee  
  57  4:45  Cloaking Field  
  60  4:47  SCV x2  
  62  5:04  SCV x2  
  56  5:16  SCV x2  
  56  5:20  Siege Tank  
  55  5:24  Banshee  
  55  5:28  SCV x2  
  59  5:31  Engineering Bay  
  59  5:40  SCV x2  
  59  5:41  Factory  
  59  5:42  Factory  
  61  5:47  Supply Depot  
  61  5:52  SCV x2, Orbital Command  
  61  5:53  Siege Tank  
  66  6:04  SCV x2  
  68  6:16  SCV x2  
  67  6:25  SCV  
  68  6:28  SCV  
  68  6:30  Factory Tech Lab  
  68  6:32  Banshee, Supply Depot x2, SCV  
  73  6:34  Bunker  
  73  6:36  Supply Depot  
  73  6:37  SCV  
  74  6:41  SCV  
  74  6:45  SCV  
  76  6:49  SCV  
  76  6:54  SCV  
  78  6:57  SCV, Supply Depot, Siege Tank x2  
  78  6:58  Supply Depot, Widow Mine x2  
  86  7:01  SCV  
  86  7:02  Armory  
  86  7:03  Armory  
  86  7:04  Hyperflight Rotors  
  86  7:06  SCV  
  88  7:09  SCV  
  88  7:13  SCV  
  88  7:15  Banshee  
  93  7:18  SCV  
  93  7:22  Widow Mine x2  
  98  7:23  Missile Turret x2  
  98  7:27  Factory x2  
  98  7:35  Missile Turret  
  98  7:37  Missile Turret  
  98  7:38  Missile Turret  
  98  7:44  Siege Tank  
  98  7:45  Missile Turret  
  98  7:49  Siege Tank  
  98  7:50  Hellion x2  
  108  8:06  Orbital Command  
  108  8:13  Factory Tech Lab, Factory Reactor  
  108  8:15  Banshee  
  108  8:19  Missile Turret  
  111  8:20  Supply Depot, Missile Turret  
  111  8:21  Supply Depot  
  111  8:22  Refinery  
  111  8:25  Sensor Tower, Refinery  
  111  8:29  SCV x2  
  113  8:40  SCV  
  114  8:41  SCV  
  115  8:50  Command Center, Siege Tank  
  115  8:53  Supply Depot  
  118  9:02  Banshee  
  118  9:03  Siege Tank  
  118  9:05  Hellbat x4  
  130  9:10  Missile Turret  
  130  9:11  Command Center  
  130  9:12  Missile Turret  
  130  9:15  Siege Tank  
  130  9:16  SCV x2, Missile Turret x2  
  134  9:17  SCV  
  134  9:24  Siege Tank  
  134  9:28  SCV x2  
  134  9:29  SCV  
  138  9:44  Hellbat  
Tags
 
Add a new tag
Caveats
  • Supply blocks, unpowered buildings, or Contaminate may cause inaccurate times.
  • Supply counts are checked every 10 seconds.